 Dungeon Crawl Stone Soup version 0.29-a0-414-g5075937ec3 (webtiles) character file.

Game seed: 16999410045437270528

42 frimble the Grasshopper (level 3, -4/31 HPs)
             Began as a Gnoll Warper on May 16, 2022.
             Killed by an exploding worm (35 damage)
             ... ignited by their inner flame
             ... on level 2 of the Dungeon.
             The game lasted 00:00:53 (1165 turns).

frimble the Grasshopper (Gnoll Warper)              Turns: 1165, Time: 00:00:54

Health: -4/31      AC:  3    Str: 10    XL:     3   Next: 56%
Magic:  3/3        EV: 12    Int: 14    God:
Gold:   79         SH:  0    Dex: 11    Spells: 10/12 levels left

rFire   . . .      SeeInvis .   e - +4 spear (antimagic)
rCold   . . .      Faith    .   (no shield)
rNeg    . . .      Spirit   .   a - +0 leather armour
rPois   .          Reflect  .   (no helmet)
rElec   .          Harm     .   (no cloak)
rCorr   .          Rampage  .   (no gloves)
Will    .....                   (no boots)
Stlth   +.........              (no amulet)
HPRegen 0.10/turn               (no ring)
MPRegen 0.08/turn               (no ring)

@: no status effects
A: fangs 1, strong nose, distributed training
a: no special abilities


You were on level 2 of the Dungeon.
You visited 1 branch of the dungeon, and saw 2 of its levels.

You collected 79 gold pieces.

Inventory:

Hand Weapons
 e - a +4 antimagic spear (weapon)
Missiles
 c - 7 boomerangs of dispersal (quivered)
Armour
 a - a +0 leather armour (worn)
Scrolls
 b - 3 scrolls of blinking
 d - a scroll of fog
Potions
 f - a potion of attraction {unknown}
 g - a potion of mutation {unknown}
 h - a potion of invisibility {unknown}


   Skills:
 + Level 4.5 Fighting
 + Level 0.8 Short Blades
 + Level 0.8 Long Blades
 + Level 0.8 Axes
 + Level 0.8 Maces & Flails
 + Level 0.8 Polearms
 + Level 0.8 Staves
 + Level 0.8 Slings
 + Level 0.8 Bows
 + Level 0.8 Crossbows
 + Level 2.6 Throwing
 + Level 2.6 Armour
 + Level 4.5 Dodging
 + Level 0.8 Stealth
 + Level 0.8 Shields
 + Level 4.5 Unarmed Combat
 + Level 5.0 Spellcasting
 + Level 0.5 Conjurations
 + Level 0.5 Hexes
 + Level 0.5 Summonings
 + Level 0.5 Necromancy
 + Level 5.4 Translocations
 + Level 0.5 Transmutations
 + Level 0.5 Fire Magic
 + Level 0.5 Ice Magic
 + Level 0.5 Air Magic
 + Level 0.5 Earth Magic
 + Level 0.5 Poison Magic
 + Level 1.0 Invocations
 + Level 0.8 Evocations


You had 10 spell levels left.
You knew the following spells:

 Your Spells              Type           Power      Damage    Failure   Level
a - Blink                 Tloc           36%        N/A       3%          2

Your spell library contained the following spells:

 Spells                   Type           Power      Damage    Failure   Level
 Gell's Gravitas          Tloc           18%        N/A       8%          3
 Lesser Beckoning         Tloc           18%        N/A       8%          3
 Teleport Other           Tloc           18%        N/A       8%          3
 Manifold Assault         Tloc           18%        N/A       56%         5


Dungeon Overview and Level Annotations

Branches:
Dungeon (2/15)

Altars:


Innate Abilities, Weirdness & Mutations

You have very sharp teeth.
Your uncanny sense of smell can sniff out nearby items.
Your experience applies equally to all skills.


Message History

Done exploring.
Done exploring.
Done exploring.
No target in view!
No target in view!
No target in view!
No target in view!
No target in view!
No target in view!
(D) Dungeon
Where to? (? - help)
There is a stone staircase leading down here.
You climb downwards.
There is a stone staircase leading up here.
As you read the scroll labelled OSTUAF USOLE, it crumbles to dust.
The scroll dissolves into smoke.
It was a scroll of fog.
As you read the scroll labelled VENKUX WOIHES, it crumbles to dust.
You feel aware of your surroundings.
It was a scroll of magic mapping.
Okay, then.
Found 12 stones.
Found a stone staircase leading down.
h - a golden potion You open the door.
A worm comes into view.
A worm is nearby!
A worm is nearby!
A worm is nearby!
A worm is nearby!
A worm is nearby!
As you read the scroll labelled TOTRIU NAXUWE, it crumbles to dust.
The creatures around you are filled with an inner flame!
It was a scroll of immolation.
There is an open door here.
You hit the worm.
Flame seeps out of the worm. x2; You bite the worm.
The worm is moderately wounded.
The worm is engulfed in blazing flames.
The worm explodes!
The fiery explosion engulfs you!!
Ouch! That really hurt!
You die...

,,,,,,* *,* ,,,,,,*
**********#*,*###### ,,,,,,*
*,,,,,,,,,..,,,...#§
+********#####+###**#####(####.##
,* *,,........# #............ ,*
*,,........# #.####.#...## ,*
*,,........# #.#........#
,******,,.....§§.####.#.######.#
,,,,,,+,,......○@'............>#
,,*****,,.....§§§####.########.#
,,** ***#####+### #.########.#
,,,* *,,,* *,* #..........# ,,,*
*,,,* *,* ############ ,,,* *,,,*
*,****** ,,*****,,,****,,,,,,*
,,,,,,+,,,+,,,,,,,,,*
,,,,,**,,,*****,,,,,*


There were no monsters in sight!

Vanquished Creatures
  A worm (D:2)
  A dart slug (D:1)
  2 endoplasms (D:1)
  2 giant cockroaches (D:1)
  2 goblins (D:1)
  3 hobgoblins (D:1)
  7 jackals (D:1)
  A quokka (D:1)
  2 ball pythons (D:1)
  6 bats (D:1)
  2 frilled lizards (D:1)
  5 kobolds (D:1)
  2 rats (D:1)
36 creatures vanquished.

Vanquished Creatures (others)
  7 plants (D:1)
7 creatures vanquished.

Grand Total: 43 creatures vanquished

Notes
Turn   | Place    | Note
-------+----------+-------------------------------------------
     0 | D:1      | frimble the Gnoll Warper began the quest for the Orb.
     0 | D:1      | Reached XP level 1. HP: 20/20 MP: 6/6
    68 | D:1      | Found a faded altar of an unknown god.
   295 | D:1      | Reached XP level 2. HP: 23/26 MP: 2/7
   298 | D:1      | Learned a level 2 spell: Blink
   604 | D:1      | Reached XP level 3. HP: 20/31 MP: 3/9
   605 | D:1      | Reached skill level 5 in Spellcasting
   966 | D:1      | Reached skill level 1 in Invocations
  1165 | D:2      | Killed by an exploding worm... ignited by their inner flame

Illustrated notes

Levels and vault maps discovered:
D:1:      saegor_arrival_simple_e, layout_basic, serial_bayou,
          serial_bayou_lake_a, serial_bayou_pond_c, serial_bayou_lagoon_a,
          serial_bayou_pond_c, serial_bayou_shore_b,
          chequers_ecumenical_altar_island, minmay_tetromino_s4
D:2:      layout_basic, uniq_robin

Skill      XL: |  1  2  3 |
---------------+----------+-----
Spellcasting   | 5 |  5.0
Invocations    | 1 |  1.0
Fighting       | |  4.5
Short Blades   | |  0.8
Long Blades    | |  0.8
Axes           | |  0.8
Maces & Flails | |  0.8
Polearms       | |  0.8
Staves         | |  0.8
Slings         | |  0.8
Bows           | |  0.8
Crossbows      | |  0.8
Throwing       | |  2.6
Armour         | |  2.6
Dodging        | |  4.5
Stealth        | |  0.8
Shields        | |  0.8
Unarmed Combat | |  4.5
Conjurations   | |  0.5
Hexes          | |  0.5
Summonings     | |  0.5
Necromancy     | |  0.5
Translocations | |  5.4
Transmutations | |  0.5
Fire Magic     | |  0.5
Ice Magic      | |  0.5
Air Magic      | |  0.5
Earth Magic    | |  0.5
Poison Magic   | |  0.5
Evocations     | |  0.8

Action                   || total
-------------------------++-------
Melee: Unarmed           ||    19
       Spear             ||    74
       Bite              ||     8
       Punch             ||     1
  Use: Scroll            ||     3
Armor: Leather armour    ||    31
Dodge: Dodged            ||    68

Table legend: (Time is in decaauts)
 A = Elapsed time spent in this place.
 B = Non-inter-level travel time spent in this place.
 C = Inter-level travel time spent in this place.
 D = Time resting spent in this place.
 E = Time spent auto-exploring this place.
 F = Levels seen in this place.
 G = Mean time per level.
                   A        B        C        D        E       F      G
               +--------+--------+--------+--------+--------+-----+--------+
         Total |   1257 |   1231 |     26 |      0 |   1025 |   2 |  628.5 |
       Dungeon |   1257 |   1231 |     26 |      0 |   1025 |   2 |  628.5 |
               +--------+--------+--------+--------+--------+-----+--------+

Top non-repeatable levels by time:
     D:1: 1217 daAuts
     D:2: 39 daAuts
